 Dungeon Crawl Stone Soup version 0.31.0-11-ge490571c62 (webtiles) character file.

Game seed: 1912946074847973304

1375 PaiMei the Purveyor of Pain (level 8, -10/55 HPs)
             Began as a Demonspawn Necromancer on Jan 31, 2024.
             Was an Initiate of Kikubaaqudgha.
             Mangled by a two-headed ogre
             ... wielding a +0 giant club
              (11 damage)
             ... on level 7 of the Dungeon.
             The game lasted 00:08:41 (6889 turns).

PaiMei the Purveyor of Pain (DsNe)                  Turns: 6889, Time: 00:08:42

Health: -10/55     AC:  8    Str: 10    XL:     8   Next: 39%
Magic:  1/15       EV: 13    Int: 17    God:    Kikubaaqudgha [......]
Gold:   318        SH:  0    Dex: 13    Spells: 13/17 levels left

rFire   . . .        t - +4 quarterstaff (chaos)
rCold   . . .        (shield currently unavailable)
rNeg    . . .        a - +0 robe
rPois   .            (no helmet)
rElec   .            s - +2 cloak {Stlth+}
rCorr   .            u - +0 pair of gloves
SInv    .            (no boots)
Will    .....        (no amulet)
Stlth   ++++         (no ring)
HPRegen 0.29/turn    (no ring)
MPRegen 0.28/turn

%: no passive effects
@: no status effects
A: yellow scales 1, powered by death 2, magic regeneration
a: Renounce Religion


You were on level 7 of the Dungeon.
You worshipped Kikubaaqudgha.
Kikubaaqudgha was noncommittal.
You visited 2 branches of the dungeon, and saw 8 of its levels.

You collected 318 gold pieces.

Inventory:

Hand Weapons
 p - a +1 morningstar of protection
 t - a +4 quarterstaff of chaos (weapon)
Missiles
 B - a throwing net
 D - 8 poisoned darts
 G - 4 curare-tipped darts
Armour
 a - a +0 robe (worn)
 f - an orb of wrath
 s - a +2 cloak of stealth (worn)
 u - a +0 pair of gloves (worn)
 A - a +0 buckler
Jewellery
 y - an amulet of regeneration
 F - a ring of protection from fire
Wands
 C - a wand of polymorph (14)
Scrolls
 c - 8 scrolls of identify {unknown}
 g - a scroll of noise {unknown}
 j - a scroll of silence {unknown}
 k - a scroll of vulnerability {unknown}
 l - 3 scrolls of amnesia {unknown}
 o - a scroll of summoning {unknown}
 v - 2 scrolls of fear {unknown}
 x - 4 scrolls of teleportation {unknown}
Potions
 b - a potion of magic
 d - a potion of heal wounds {unknown}
 e - a potion of enlightenment {unknown}
 h - a potion of lignification {unknown}
 i - a potion of attraction {unknown}
 m - a potion of mutation {unknown}
 n - 2 potions of haste {unknown}
 q - a potion of berserk rage {unknown}
 r - 3 potions of brilliance {unknown}
 w - 2 potions of might {unknown}
 z - a potion of invisibility {unknown}
 E - a potion of curing {unknown}
 H - a potion of cancellation {unknown}


   Skills:
 + Level 1.7 Fighting
 + Level 5.0 Dodging
 - Level 5.0 Stealth
 + Level 5.0 Spellcasting
 + Level 7.1 Necromancy


You had 13 spell levels left.
You knew the following spells:

 Your Spells              Type           Power      Damage    Failure   Level
a - Necrotise             Necr           100%       1d9       1%          1
b - Vampiric Draining     Necr           28%        2d8       2%          3

Your spell library contained the following spells:

 Spells                   Type           Power      Damage    Failure   Level
 Animate Dead             Necr           28%        N/A       8%          4
 Curse of Agony           Necr           28%        N/A       21%         5


Dungeon Overview and Level Annotations

Branches:
Dungeon (7/15)             Temple (1/1) D:6

Altars:
Ashenzari
Cheibriados
Dithmenos
Fedhas
Gozag
Hepliaklqana
Kikubaaqudgha
Makhleb
Nemelex Xobeh
Okawaru
Qazlal
Ru
Sif Muna
Trog
Uskayaw
Vehumet
Xom
Yredelemnul

Shops:
D:4 *


Innate Abilities, Weirdness & Mutations

You are partially covered in yellow scales. (AC +2)
You regenerate health from kills.
You regenerate magic rapidly.


Message History

Confirm with . or Enter, or press ? or * to list all spells.
Aiming: Vampiric Draining (dangerous; 2% risk of failure)
Press: ? - help, Shift-Dir - straight line, f/p - two-headed ogre
Aim: a two-headed ogre, wielding two +0 giant clubs (moderately wounded)
You draw life force from the two-headed ogre!
You feel life coursing into your body. The two-headed ogre misses you. x2
Casting: Vampiric Draining (dangerous; 2% risk of failure)
Confirm with . or Enter, or press ? or * to list all spells.
Aiming: Vampiric Draining (dangerous; 2% risk of failure)
Press: ? - help, Shift-Dir - straight line, f/p - two-headed ogre
Aim: a two-headed ogre, wielding two +0 giant clubs (heavily wounded)
You draw life force from the two-headed ogre!
You feel life coursing into your body.
The two-headed ogre hits you with a +0 giant club!
The two-headed ogre hits you with a +0 giant club.
Casting: Vampiric Draining (dangerous; 2% risk of failure)
Confirm with . or Enter, or press ? or * to list all spells.
Aiming: Vampiric Draining (dangerous; 2% risk of failure)
Press: ? - help, Shift-Dir - straight line, f/p - two-headed ogre
Aim: a two-headed ogre, wielding two +0 giant clubs (severely wounded)
You draw life force from the two-headed ogre!
You feel life coursing into your body.
Casting: Vampiric Draining (dangerous; 2% risk of failure)
Confirm with . or Enter, or press ? or * to list all spells.
You don't have enough magic to cast this spell.
Casting: Vampiric Draining (dangerous; 2% risk of failure)
Confirm with . or Enter, or press ? or * to list all spells.
You don't have enough magic to cast this spell.
You hit the two-headed ogre. You burn the two-headed ogre.
The two-headed ogre is almost dead.
The two-headed ogre hits you with a +0 giant club!
* * * LOW HITPOINT WARNING * * *
The two-headed ogre barely misses you.
You barely miss the two-headed ogre.
The two-headed ogre is almost dead.
The two-headed ogre hits you with a +0 giant club.
* * * LOW HITPOINT WARNING * * *
The two-headed ogre hits you with a +0 giant club!
You die...
Kikubaaqudgha rasps: "You have failed me!
Welcome... death!"

......# #..$..$..#
......# #..$..$).#
......## #...$$...#
..)....# #....!.#
.......### #.5..#
.........# ##''##
.......#.###### #..#
####...#...)..####5##
#...######.).@Ol#
#...# #...)..####
##### #........#
#.....##.....
.........# #....
.........# #...
.....##### ..# .....
.# .....


You could see a two-headed ogre, an iguana and a white imp.

Vanquished Creatures
  An acid dragon (D:5)
  2 black bears
  An ice beast (D:5)
  A kobold brigand (D:6)
  2 bullfrogs
  2 scorpions
  4 hounds
  3 jellies
  3 orc priests (D:7)
  Crazy Yiuf (D:2)
  Jessica (D:2)
  8 gnolls
  8 adders
  4 ufetubi
  3 dart slugs
  4 ribbon worms
  8 orcs
  8 ball pythons
  6 bats
  3 endoplasms
  4 giant cockroaches
  3 goblins
  4 hobgoblins
  9 jackals
  10 kobolds
  3 quokkas
  5 frilled lizards
  4 rats
115 creatures vanquished.

Vanquished Creatures (collateral kills)
  A hound (D:3)
  An adder (D:3)
  An endoplasm (D:1)
  A hobgoblin (D:1)
  A jackal (D:1)
  A goblin (D:1)
6 creatures vanquished.

Grand Total: 121 creatures vanquished

Notes
Turn   | Place    | Note
-------+----------+-------------------------------------------
     0 | D:1      | PaiMei the Demonspawn Necromancer began the quest for the
                  | Orb.
     0 | D:1      | Reached XP level 1. HP: 13/13 MP: 3/3
   183 | D:1      | Gained mutation: You regenerate magic rapidly. [demonic
                  | ancestry]
   183 | D:1      | Reached XP level 2. HP: 10/19 MP: 0/5
   797 | D:1      | Reached XP level 3. HP: 23/24 MP: 1/6
   801 | D:1      | Learned a level 3 spell: Vampiric Draining
  1472 | D:2      | Noticed Jessica
  1476 | D:2      | Killed Jessica
  1477 | D:2      | Gained mutation: You regenerate a little health from kills.
                  | [demonic ancestry]
  1477 | D:2      | Reached XP level 4. HP: 30/30 MP: 3/7
  1713 | D:2      | Found a runed translucent door.
  1714 | D:2      | Noticed Crazy Yiuf
  1953 | D:2      | Reached skill level 5 in Necromancy
  2341 | D:2      | Killed Crazy Yiuf
  2564 | D:3      | Reached XP level 5. HP: 35/35 MP: 6/9
  4119 | D:4      | Gained mutation: You are partially covered in yellow
                  | scales. (AC +2) [demonic ancestry]
  4119 | D:4      | Reached XP level 6. HP: 41/41 MP: 5/11
  4506 | D:4      | Found a burning altar of Makhleb.
  4532 | D:4      | Found Micwifyqi's Assorted Antiques.
  4653 | D:5      | Entered Level 5 of the Dungeon
  4994 | D:5      | Noticed an acid dragon
  5137 | D:5      | Killed an acid dragon
  5138 | D:5      | Reached skill level 6 in Necromancy
  5138 | D:5      | Gained mutation: You regenerate health from kills. [demonic
                  | ancestry]
  5138 | D:5      | Reached XP level 7. HP: 46/46 MP: 3/13
  6162 | D:6      | Found a staircase to the Ecumenical Temple.
  6178 | Temple   | Entered the Ecumenical Temple
  6183 | Temple   | Became a worshipper of Kikubaaqudgha
  6351 | D:6      | Reached skill level 5 in Stealth
  6351 | D:6      | Reached XP level 8. HP: 52/52 MP: 5/15
  6448 | D:6      | Found a broken altar of Ashenzari.
  6451 | D:6      | Found a hide-covered altar of Uskayaw.
  6709 | D:7      | Reached skill level 1 in Fighting
  6709 | D:7      | Reached skill level 7 in Necromancy
  6812 | D:7      | Reached skill level 5 in Spellcasting
  6819 | D:7      | Reached skill level 5 in Dodging
  6870 | D:7      | Noticed a two-headed ogre
  6889 | D:7      | HP: 1/55 [two-headed ogre/+0 giant club (6)]
  6889 | D:7      | Mangled by a two-headed ogre

Illustrated notes

Levels and vault maps discovered:
D:1:      minmay_arrival_split_and_join, layout_loops_cross, minmay_fountain_box
D:2:      minmay_general_purpose_star, layout_loops_corners,
          serial_bayou_pond_e, uniq_jessica, uniq_crazy_yiuf_cottage
D:3:      layout_basic
D:4:      layout_loops_ring, bloody_makhleb, serial_shops,
          nicolae_shop_rolling_square
D:5:      layout_basic
D:6:      layout_loops_ring, minitemple, minmay_temple_entry_steel_oval,
          eino_tiny_chamber
D:7:      minmay_polygon_palace, layout_basic, serial_shops,
          nicolae_shop_tiny_waterfront, enter_bailey_8
Temple:   nicolae_temple_bog_church

Skill      XL: |  1  2  3  4  5  6  7  8 |
---------------+-------------------------+-----
Dodging        | 2 3 4 5 |  5.0
Stealth        | 2 3 4 5 |  5.0
Necromancy     | 5 6 7 |  7.1
Spellcasting   | 3 4 5 |  5.0
Fighting       | 1 |  1.7

Action                     |  1- 3 |  4- 6 |  7- 9 || total
---------------------------+-------+-------+-------++-------
  Melee: Unarmed           |    33 |       |       ||    33
         Punch             |     1 |       |       ||     1
         Morningstar       |     1 |    12 |       ||    13
         Quarterstaff      |       |    12 |    37 ||    49
   Cast: Necrotise         |    54 |   129 |    70 ||   253
         Vampiric Draining |       |     8 |    18 ||    26
 Armour: Robe              |    32 |    51 |    57 ||   140
  Dodge: Dodged            |    60 |    72 |    69 ||   201
